 Dungeon Crawl Stone Soup version 0.21.0-3-g78d12a8 (webtiles) character file.

191 Helmschank the Ruffian (level 5, 0/46 HPs)
             Began as a Ghoul Monk on Jan 14, 2018.
             Killed from afar by an adder (44 damage)
             ... with an exploding inner flame
             ... hexed by the player character
             ... on level 3 of the Dungeon.
             The game lasted 00:08:00 (2531 turns).

Helmschank the Ruffian (Ghoul Monk)                 Turns: 2531, Time: 00:08:01

Health: 0/46       AC:  5    Str: 16    XL:     5   Next: 70%
Magic:  4/4        EV: 11    Int:  5    God:
Gold:   195        SH:  0    Dex: 11    Spells: 4/4 levels left

rFire    . . .     SeeInvis .     - Unarmed
rCold    + . .     Gourm    .   (no shield)
rNeg     + + +     Faith    .   n - +0 ring mail
rPois    ∞         Spirit   .   (no helmet)
rElec    .         Reflect  .   (no cloak)
rCorr    .         Harm     .   (no gloves)
MR       .....                  (no boots)
Stlth    +.........             (no amulet)
HPRegen  0.15/turn              (no ring)
MPRegen  0.09/turn              (no ring)

@: rotting
A: rotting body, claws 1, carnivore, cold resistance 1, negative energy
resistance 3, inhibited regeneration, torment resistance, unbreathing
a: no special abilities


You were on level 3 of the Dungeon.
You were not hungry.

You visited 1 branch of the dungeon, and saw 3 of its levels.

You collected 195 gold pieces.

Inventory:

Missiles
 g - 48 stones (quivered)
 h - 25 bolts
Armour
 n - a +0 ring mail (worn)
Jewellery
 o - an uncursed ring of magical power {unknown}
 q - an uncursed ring of poison resistance {unknown}
Scrolls
 a - 2 scrolls of magic mapping {unknown}
 e - 5 scrolls of identify {unknown}
Potions
 c - a potion of agility {unknown}
 i - a potion of brilliance {unknown}
 j - a potion of curing {unknown}
 k - a potion of invisibility {unknown}
 l - a potion of mutation {unknown}
 m - a potion of lignification {unknown}
Comestibles
 b - 5 rations
 p - 2 chunks of flesh


   Skills:
 - Level 4.0 Fighting
 + Level 1.5 Armour
 - Level 2.6 Dodging
 - Level 2.1 Stealth
 - Level 6.0 Unarmed Combat


You had 4 spell levels left.
You didn't know any spells.

Dungeon Overview and Level Annotations

Branches:
Dungeon (3/15)

Altars:
Cheibriados
Trog
Xom


Innate Abilities, Weirdness & Mutations

Your body is rotting away.
You thrive on raw meat.
You are immune to poison.
You have sharp fingernails.
You are carnivorous and can eat meat at any time.
Your flesh is cold resistant. (rC+)
You are immune to negative energy. (rN+++)
You do not regenerate when monsters are visible.
You are immune to unholy pain and torment.
You can survive without breathing.


Message History

An adder comes into view.
There is a stone staircase leading up here.
As you read the scroll labeled VOOLEC TUSOMOE, it crumbles to dust.
The creatures around you are filled with an inner flame!
It was a scroll of immolation.
The adder hisses angrily.
As you read the scroll labeled GUONESS XOTSIETI, it crumbles to dust.
It is a scroll of enchant weapon.
You aren't carrying any weapons that can be enchanted.
The adder bites you but does no damage.
You completely miss the adder. The adder bites you but does no damage.
You scratch the adder but do no damage. The adder bites you but does no damage.
You miss the adder. The adder bites you but does no damage.
You barely miss the adder. The adder bites you.
You take 2 damage, and have 44/46 hp.
You claw the adder!
The adder explodes!
The fiery explosion engulfs you!
Ouch! That really hurt!
You die...

.......###.###
.............#
.............# #
######.......##########.#
#######.#.......>....###
#................÷.....+
#.#####........<########
####.#######.###########
....>..........§@§......
####.###.....###§§......
#.# #.....# #§#######
##.###.....# #.#
#........#####.#
#............#.#
#............#.#
#............#.#
#........#####


There were no monsters in sight!

Vanquished Creatures
  A crimson imp (D:2)
  A worker ant (D:2)
  2 adders (D:2)
  5 gnolls
  An ooze (D:3)
  2 worms (D:2)
  A dart slug (D:1)
  3 leopard geckos (D:2)
  2 orcs (D:2)
  5 bats
  3 giant cockroaches
  5 goblins
  7 hobgoblins
  A quokka (D:2)
  5 frilled lizards
  4 kobolds (D:1)
  7 rats
55 creatures vanquished.

Notes
Turn   | Place    | Note
-------+----------+-------------------------------------------
     0 | D:1      | Helmschank the Ghoul Monk began the quest for the Orb.
     0 | D:1      | Reached XP level 1. HP: 19/19 MP: 0/0
   212 | D:1      | Reached XP level 2. HP: 26/26 MP: 1/1
   237 | D:1      | Reached skill level 4 in Unarmed Combat
   557 | D:1      | Reached XP level 3. HP: 4/31 MP: 2/2
  1359 | D:2      | Reached skill level 5 in Unarmed Combat
  1416 | D:1      | Reached XP level 4. HP: 8/38 MP: 3/3
  1932 | D:2      | Reached skill level 6 in Unarmed Combat
  1978 | D:2      | Reached XP level 5. HP: 35/45 MP: 4/4
  2182 | D:2      | Found a transporter.
  2186 | D:2      | Found a transporter.
  2300 | D:2      | Found a shimmering altar of Xom.
  2301 | D:2      | Found a snail-covered altar of Cheibriados.
  2302 | D:2      | Found a bloodstained altar of Trog.
  2356 | D:2      | Reached skill level 1 in Armour
  2531 | D:3      | Killed from afar by an adder

Skill      XL: |  1  2  3  4  5 |
---------------+----------------+-----
Unarmed Combat | 4 5 6 |  6.0
Fighting       | 4 |  4.0
Armour         | 1 |  1.5
Dodging        | |  2.6
Stealth        | |  2.1

Action                   |  1- 3 |  4- 6 || total
-------------------------+-------+-------++-------
Melee: Unarmed           |    79 |    77 ||   156
       Punch             |     1 |       ||     1
Throw: Stone             |    12 |    24 ||    36
  Use: Scroll            |       |     3 ||     3
 Stab: Sleeping          |     2 |     2 ||     4
  Eat: Chunk             |    12 |    13 ||    25
Armor: Robe              |     5 |     4 ||     9
       Ring mail         |       |     7 ||     7
Dodge: Dodged            |    37 |    32 ||    69
